Map: Site Delta LE

Players

LQgolf

  • Race: Terran Terran
  • League: Platinum
  • Spawn Location: 11:00

Subwayeatn - Winner!

  • Race: Zerg Zerg
  • League: Platinum
  • Spawn Location: 5:00

VOD

Have the link to the VOD?

Description

Time

  • Played on: Nov. 4, 2023, 5:51 p.m.
  • Length: 7:21
Show
View Real Time Build Order
Export as new Build Order

LQgolf Terran 

Build Orders:  

Get SALT Encoding   

  12  0:00  SCV  
  13  0:18  SCV, Supply Depot  
  14  0:31  SCV  
  15  0:42  Barracks  
  15  0:43  SCV  
  16  0:55  Barracks, SCV  
  17  1:03  Refinery  
  17  1:13  SCV  
  18  1:29  Orbital Command, Supply Depot  
  18  1:38  Refinery  
  18  1:53  Barracks Reactor  
  18  1:57  SCV  
  19  2:08  Barracks Reactor  
  19  2:13  Engineering Bay  
  20  2:15  SCV  
  20  2:29  Marine x2  
  22  2:34  Factory  
  22  2:39  SCV  
  23  2:46  Supply Depot, Marine x2  
  23  2:47  Marine x2  
  23  2:51  Terran Infantry Weapons Level 1  
  27  3:04  SCV  
  27  3:05  Marine x2  
  28  3:10  Marine  
  28  3:11  Marine  
  31  3:20  Factory Reactor  
  31  3:23  Starport  
  31  3:28  Marine x2  
  31  3:30  Marine x2  
  35  3:37  Supply Depot  
  35  3:55  SCV  
  35  4:05  Marine  
  35  4:08  Marine  
  26  4:23  Marine  
  22  4:26  Marine  
  13  4:32  Hellion x2  
  15  4:41  Marine  
  15  4:43  Marine  
  9  4:53  Hellion  
  9  4:59  Marine  
  12  5:01  Marine  
  12  5:06  Hellion  
  15  5:38  Hellion  
  17  5:45  SCV  
  17  5:49  Hellion  
  20  6:09  Marine x2  
  15  6:33  Hellion  
  16  6:53  Marine  
Show
View Real Time Build Order
Export as new Build Order

Subwayeatn Zerg - Winner!

Build Orders: Pool First, Zergling Baneling 

Get SALT Encoding   

  12  0:00  Drone  
  13  0:12  Overlord  
  13  0:16  Drone  
  14  0:30  Drone x2  
  16  0:37  Extractor  
  15  0:43  Spawning Pool  
  14  1:08  Drone x3  
  17  1:22  Hatchery  
  16  1:34  Queen  
  18  1:42  Baneling Nest  
  17  1:49  Drone  
  17  1:51  Drone  
  19  1:58  Drone  
  20  2:04  Overlord  
  20  2:14  Zergling x2  
  21  2:24  Zergling x2  
  22  2:32  Zergling x2  
  23  2:41  Zergling x2  
  24  2:45  Overlord  
  24  2:47  Zergling x6  
  24  2:48  Zergling x2  
  28  3:03  Zergling x4  
  30  3:08  Zergling x2  
  31  3:14  Queen  
  31  3:17  Zergling x4  
  35  3:23  Baneling x6  
  35  3:24  Baneling  
  35  3:25  Baneling  
  35  3:27  Baneling x2  
  35  3:28  Baneling  
  35  3:33  Zergling x2  
  35  3:34  Zergling x6  
  39  3:47  Overlord  
  27  4:38  Zergling x2  
  27  4:39  Zergling x14  
  27  4:40  Metabolic Boost  
  30  5:23  Spine Crawler  
  30  5:27  Evolution Chamber  
  25  5:30  Evolution Chamber  
  19  5:44  Spine Crawler  
  19  5:45  Queen  
  19  5:46  Queen, Spine Crawler  
  21  5:50  Drone x13  
  34  6:05  Drone x3  
  34  6:08  Drone  
  34  6:09  Drone  
  39  6:14  Zergling x4  
  39  6:43  Zergling x10  
  43  6:58  Overlord x2  
  43  6:59  Overlord  
  43  7:00  Spine Crawler  
Tags
 
Matchup
TvZ
Opening
Pool First
Replay Pack
Multiplayer
Spawn Locations
Cross Positions
Add a new tag
Caveats
  • Supply blocks, unpowered buildings, or Contaminate may cause inaccurate times.
  • Supply counts are checked every 10 seconds.